 Dungeon Crawl Stone Soup version 0.27.1-3-gb3d3a73c9e (webtiles) character file.

Game seed: 233611224407672194

9529 Urokeeper the Swashbuckler (level 11, -17/69 (72) HPs)
             Began as a Kobold Brigand on Oct 14, 2021.
             Was an Elder of Dithmenos.
             Killed from afar by an orc sorcerer (19 damage)
             ... with a bolt of negative energy
             ... led by an orc warlord
             ... on level 2 of the Orcish Mines.
             The game lasted 01:21:12 (12971 turns).

Urokeeper the Swashbuckler (Kobold Brigand)        Turns: 12971, Time: 01:21:15

HP:   -17/69 (72)   AC: 10    Str: 14    XL:     11   Next: 76%
MP:   9/11          EV: 21    Int: 12    God:    Dithmenos [****..]
Gold: 642           SH:  0    Dex: 19    Spells: 10/10 levels left

rFire    . . .     SeeInvis .   o - +1 rapier
rCold    . . .     Faith    .   (shield restricted)
rNeg     . . .     Spirit   .   z - +0 steam dragon scales
rPois    +         Reflect  .   (helmet restricted)
rElec    .         Harm     .   c - +2 cloak
rCorr    .         Rampage  .   y - +0 pair of gloves
Will     .....                  q - +0 pair of boots
Stlth    ++++++++..             m - amulet of the acrobat
HPRegen  0.21/turn              v - +6 ring of strength
MPRegen  0.12/turn              O - ring of poison resistance

@: mighty, about to teleport, wreathed by umbra, lightly drained
A: small, no large weapons, nightstalker 3, claws 1, horns 1, clumsy 1
a: Renounce Religion, Shadow Step


You were on level 2 of the Orcish Mines.
You worshipped Dithmenos.
Dithmenos was greatly pleased with you.
You visited 3 branches of the dungeon, and saw 14 of its levels.

You collected 889 gold pieces.
You spent 247 gold pieces at shops.

Inventory:

Hand Weapons
 a - a +2 dagger
 f - a +1 short sword of holy wrath
 o - a +1 rapier (weapon)
 D - a +2 dagger of chaos
Missiles
 d - 24 poisoned darts
 F - 3 atropa-tipped darts
 P - a curare-tipped dart
Armour
 c - a +2 cloak (worn)
 j - a +0 chain mail of fire resistance
 q - a +0 pair of boots (worn)
 y - a +0 pair of gloves (worn)
 z - +0 steam dragon scales (worn)
 C - the +3 helmet of Forking Paths {rC- Str+4}
   (You bought it in a shop on level 3 of the Dungeon)

   Str:       It affects your strength (+4).
   rC:        It makes you vulnerable to cold.
Jewellery
 m - an amulet of the acrobat (around neck)
 v - a +6 ring of strength (left hand)
 K - a ring of ice
 N - a ring of resist corrosion
 O - a ring of poison resistance (right hand)
Wands
 H - a wand of iceblast (16) (quivered)
 I - a wand of mindburst (16)
 L - a wand of flame (7)
Scrolls
 k - a scroll of immolation
 r - a scroll of torment
 s - 2 scrolls of holy word
 G - a scroll of noise
 M - a scroll of magic mapping
Potions
 g - a potion of haste
 h - 2 potions of curing
 i - a potion of might
 l - 3 potions of lignification
 t - 2 potions of cancellation
 u - 2 potions of brilliance
 w - a potion of magic
 x - a potion of ambrosia
 B - a potion of attraction {unknown}
Miscellaneous
 b - a phial of floods


   Skills:
 - Level 10.2 Fighting
 - Level 15.0 Short Blades
 - Level 2.1 Throwing
 - Level 9.5 Dodging
 + Level 8.7 Stealth


You had 10 spell levels left.
You didn't know any spells.
Your spell library contained the following spells:

 Spells                   Type           Power      Damage    Failure   Level
 Beastly Appendage        Tmut           0%         N/A       32%         1
 Sandblast                Erth           0%         2d4       32%         1
 Passwall                 Tmut/Erth      0%         N/A       45%         2
 Wereblood                Tmut           0%         N/A       45%         2
 Ozocubu's Armour         Ice            0%         N/A       69%         3
 Spider Form              Tmut/Pois      0%         N/A       69%         3
 Swiftness                Air            0%         N/A       69%         3
 Lee's Rapid Deconstruct  Erth           0%         3d5*      100%        5
 Invisibility             Hex            0%         N/A       100%        6
 Ozocubu's Refrigeration  Ice            0%         4d5       100%        7


Dungeon Overview and Level Annotations

Branches:
Dungeon (11/15)            Temple (0/1) D:7            Lair (1/6) D:9
    Orc (2/2) D:9
    Elf: Orc:2

Altars:
Cheibriados
Dithmenos
Kikubaaqudgha
Xom
Yredelemnul

Shops:
D:1 [   D:3 [   D:8 =   Orc:2 !

Annotations:
D:5 2 exclusions
D:9 exclusions: orc knight and 1 more exclusion
D:10 2 exclusions


Innate Abilities, Weirdness & Mutations

You are small and have problems with some larger weapons.
You are completely attuned to the shadows.
You have sharp fingernails.
You have a pair of small horns on your head.
You are clumsy. (Dex -2)


Message History

The orc sorcerer casts a spell.
Send 'em back where they came from!
Your orc warrior shudders.
Your orc dissolves into shadows!
Your orc shudders.
Your orc priest shudders.
Your orc wizard dissolves into shadows!
Your orc dissolves into shadows!
Your orc priest dissolves into shadows!
Your orc dissolves into shadows!
Your ogre shudders.
Your warg shudders.
The orc warrior closely misses you. The orc warrior misses you.
Your orc warrior misses the sixfirhy.
Your ogre hits the orc warlord with a +0 giant club!
You hear a shout!
You feel very mighty all of a sudden.
You hear a shout!
You hear two shouts!
You hear a shout! x2
The orc warlord shoots a bolt.
The bolt hits your ogre!! The troll bites your warg!
The troll barely misses your warg. The troll closely misses your warg.
An ogre comes into view. It is wielding a +0 giant spiked club.
Your warg bites the troll.
The orc sorcerer hits your ogre with a +0 dagger.
Your ogre dies!
Your ogre's corpse dissolves into shadows!
The orc warrior misses you. The orc warrior barely misses you.
Your orc warrior closely misses the sixfirhy.
The orc sorcerer shouts!
Your warg barely misses the troll.
The sixfirhy hits your orc warrior. The sixfirhy shocks your orc warrior!
Your orc barely misses the sixfirhy.
Your orc priest hits the orc sorcerer but does no damage.
Your orc warrior closely misses the orc sorcerer.
As you read the scroll of teleportation, it crumbles to dust.
You feel strangely unstable.
Your orc priest dissolves into shadows!
The sixfirhy hits your orc warrior but does no damage.
The sixfirhy hits your orc warrior!
Your orc warrior dies!
Your orc warrior's corpse dissolves into shadows!
Your warg bites the troll.
The orc sorcerer gestures at you while chanting.
The bolt of negative energy hits the sixfirhy.
The sixfirhy completely resists.
The bolt of negative energy hits you!!
You feel drained.
You die...

....... .........
....#...# ..
#..#...###...
#.....#.#....
##....#.......
#######@T....#.♣....
....Ooo3.h...♣.∩.♣.
.....oo........♣...#
....O.o...........##
...o4..o.......#.##
#...))..........##
###.)............#######
#..##.....#.#.###.^...
..). ........###..##'#


You could see an orc warlord, a two-headed ogre, a rust devil (summoned), a
troll (ally target), a sixfirhy (summoned), an orc sorcerer (strong, ally
target), 3 orc warriors, an ogre, an orc (strong), a friendly warg (summoned)
and a friendly orc (summoned).

Vanquished Creatures
  An ogre mage (Orc:2)
  2 centaur zombies (D:10)
  A black mamba (Lair:1)
  A rime drake (Lair:1)
  Maggie (D:6)
  3 komodo dragons
  A troll (Orc:1)
  Grinder (D:5)
  A hornet (D:10)
  Prince Ribbit (D:8)
  A wraith (D:6)
  5 yaks
  2 steam dragons
  3 wargs (Orc:2)
  6 orc warriors
  A water moccasin (D:7)
  An ice beast (D:5)
  A sky beast (D:8)
  2 necrophages (D:6)
  A hornet zombie (D:7)
  7 ogres
  5 centaurs
  A kobold brigand (D:11)
  2 phantoms (D:6)
  A bullfrog (D:7)
  A gnoll sergeant (D:11)
  A scorpion (D:5)
  A water moccasin skeleton (D:7)
  10 howler monkeys
  4 crimson imps (D:4)
  A centaur skeleton (D:5)
  6 hounds
  3 jellies
  2 bullfrog skeletons
  4 orc priests
  Natasha (D:4)
  6 iguanas
  12 orc wizards
  A scorpion zombie (D:5)
  A mummy (D:4)
  2 adders
  4 gnolls
  4 white imps
  2 worms (D:2)
  A dart slug (D:3)
  53 orcs
  7 endoplasms
  5 giant cockroaches
  4 goblins
  4 hobgoblins
  3 jackals (D:1)
  21 kobolds
  4 quokkas
  8 ball pythons
  4 bats
  7 frilled lizards
  A hobgoblin zombie (D:4)
  An orc zombie (D:4)
  7 rats
248 creatures vanquished.

Vanquished Creatures (others)
  10 plants
10 creatures vanquished.

Grand Total: 258 creatures vanquished

Notes
Turn   | Place    | Note
-------+----------+-------------------------------------------
     0 | D:1      | Urokeeper the Kobold Brigand began the quest for the Orb.
     0 | D:1      | Reached XP level 1. HP: 12/12 MP: 1/1
   127 | D:1      | Reached XP level 2. HP: 15/17 MP: 2/2
   168 | D:1      | Found a faded altar of an unknown god.
   322 | D:1      | Found Ivugrol's Armour Emporium.
   563 | D:1      | Reached XP level 3. HP: 21/21 MP: 3/3
  1057 | D:2      | Reached XP level 4. HP: 14/26 MP: 4/4
  1760 | D:2      | You fall into a shaft and drop 2 floors!
  2202 | D:3      | Found a shadowy altar of Dithmenos.
  2226 | D:3      | Found Dawoiraa's Antique Armour Boutique.
  2238 | D:3      | Became a worshipper of Dithmenos the Shadowed
  2394 | D:3      | Reached skill level 3 in Short Blades
  2550 | D:3      | Reached XP level 5. HP: 30/30 MP: 5/5
  2569 | D:3      | Reached skill level 4 in Short Blades
  2774 | D:3      | Reached * piety under Dithmenos
  3582 | D:4      | Found a shimmering altar of Xom.
  3746 | D:4      | Noticed Natasha
  3750 | D:4      | Killed Natasha
  3751 | D:4      | Reached skill level 5 in Short Blades
  3751 | D:4      | Reached XP level 6. HP: 36/36 MP: 6/6
  3826 | D:4      | Found an ancient bone altar of Kikubaaqudgha.
  4050 | D:5      | Entered Level 5 of the Dungeon
  4054 | D:5      | Found a snail-covered altar of Cheibriados.
  4076 | D:5      | Found a basalt altar of Yredelemnul.
  4496 | D:5      | Reached XP level 7. HP: 43/43 MP: 7/7
  4631 | D:5      | Noticed Grinder
  4771 | D:5      | Reached skill level 5 in Fighting
  5523 | D:6      | Reached skill level 6 in Short Blades
  5568 | D:6      | Reached skill level 7 in Short Blades
  5568 | D:6      | Reached XP level 8. HP: 51/51 MP: 8/8
  5639 | D:6      | Reached ** piety under Dithmenos
  5853 | D:6      | Noticed Maggie
  5867 | D:6      | Killed Maggie
  5868 | D:6      | Reached skill level 8 in Short Blades
  6189 | D:6      | Reached skill level 9 in Short Blades
  6192 | D:6      | Noticed a komodo dragon
  6215 | D:5      | Killed a komodo dragon
  6216 | D:5      | Reached XP level 9. HP: 59/59 MP: 9/9
  6563 | D:6      | Reached skill level 10 in Short Blades
  6938 | D:3      | Bought a polished helmet for 247 gold pieces
  6938 | D:3      | Identified the +3 helmet of Forking Paths {rC- Str+4} (You
                  | bought it in a shop on level 3 of the Dungeon)
  7321 | D:5      | Reached skill level 11 in Short Blades
  7331 | D:5      | Killed Grinder
  7668 | D:7      | Found a staircase to the Ecumenical Temple.
  7724 | D:6      | Reached skill level 12 in Short Blades
  7814 | D:7      | Reached XP level 10. HP: 64/65 MP: 10/10
  8141 | D:7      | Reached skill level 13 in Short Blades
  8525 | D:8      | Reached *** piety under Dithmenos
  8626 | D:8      | Found Diumestra's Jewellery Shop.
  8788 | D:8      | Reached skill level 14 in Short Blades
  8788 | D:8      | Reached skill level 5 in Dodging
  8851 | D:8      | Noticed Prince Ribbit
  8854 | D:8      | Killed Prince Ribbit
  9553 | D:9      | Found a runed translucent door.
  9910 | D:9      | Found a staircase to the Orcish Mines.
  9934 | D:9      | Found a staircase to the Lair.
  9939 | D:9      | Noticed a komodo dragon
 10102 | D:9      | Killed a komodo dragon
 10559 | D:9      | Noticed an orc knight
 10559 | D:9      | Noticed an orc knight
 10787 | D:10     | Entered Level 10 of the Dungeon
 10935 | D:10     | Reached XP level 11. HP: 69/69 MP: 11/11
 11329 | D:10     | Noticed a two-headed ogre
 11847 | D:11     | Noticed a two-headed ogre
 11892 | Lair:1   | Entered Level 1 of the Lair of Beasts
 11902 | Lair:1   | Reached skill level 10 in Fighting
 11943 | Lair:1   | Reached skill level 15 in Short Blades
 11943 | Lair:1   | Noticed a five-headed hydra
 12353 | Orc:1    | Entered Level 1 of the Orcish Mines
 12583 | Orc:2    | Entered Level 2 of the Orcish Mines
 12604 | Orc:2    | Reached **** piety under Dithmenos
 12669 | Orc:2    | Noticed an ogre mage
 12831 | Orc:2    | Killed an ogre mage
 12936 | Orc:2    | Found Oggusioho's Distillery.
 12954 | Orc:2    | Noticed an orc warlord
 12956 | Orc:2    | Noticed an orc sorcerer
 12962 | Orc:2    | Noticed a sixfirhy
 12967 | Orc:2    | HP: 1/72 [orc warrior[an orc warlord] (29)]
 12968 | Orc:2    | Gained mutation: You have a pair of small horns on your
                  | head. [potion of mutation]
 12968 | Orc:2    | Gained mutation: You have sharp fingernails. [potion of
                  | mutation]
 12968 | Orc:2    | Gained mutation: You are clumsy. (Dex -2) [potion of
                  | mutation]
 12968 | Orc:2    | Noticed a two-headed ogre
 12971 | Orc:2    | Killed from afar by an orc sorcerer

Illustrated notes

Levels and vault maps discovered:
D:1:      eino_arrival_druids_welcome, layout_loops_cross, serial_shops, shop,
          ebering_ecumenical_altar_sacrificial, corexii_item_surrounded_by_moat,
          lexackson_kobold_supper
D:2:      layout_basic, minmay_ruptured
D:3:      minmay_diamond_boxcup, layout_rooms,
          nicolae_dithmenos_through_a_glass_darkly, serial_shops,
          nicolae_diamond_shop
D:4:      layout_loops_cross, led_xom_imps, marbit_many_paths,
          nicolae_ossuary_entry_giza, cheibrodos_gnoll_hut, uniq_natasha
D:5:      layout_loops_corners, mainiacjoe_overflow_large_starburst,
          chequers_serial_rivers_large_b, minmay_misc_feat_x, uniq_grinder
D:6:      layout_loops_corners, uniq_maggie
D:7:      layout_gridville, temple_hall
D:8:      layout_gridville, serial_shops, shop, uniq_prince_ribbit1
D:9:      layout_long_grid, lemuel_tele_altar, david_lair_shrubbed,
          lightli_church_of_beogh
D:10:     layout_long_grid
D:11:     cheibrodos_elevator_heist, layout_long_grid, minmay_misc_feat_five,
          nicolae_ru_great_annihilating_truth, uniq_nergalle
Lair:1:   layout_gridlike, minmay_lair_oklob_bushes,
          cheibrodos_lair_reptile_den, uniq_fannar
Orc:1:    lemuel_ogre_cave, layout_caves, serial_shops,
          nicolae_shop_window_shopping
Orc:2:    st_orc_ogre_mass, layout_caves, serial_shops, nicolae_shop_trees,
          mines4_lemuel

Skill      XL: |  1  2  3  4  5  6  7  8  9 10 11 |
---------------+----------------------------------+-----
Dodging        | 2 3 4 9 |  9.5
Short Blades   | 3 5 7 9 12 14 15 | 15.0
Fighting       | 4 6 8 10 | 10.2
Stealth        | 8 |  8.7
Throwing       | |  2.1

Action                   |  1- 3 |  4- 6 |  7- 9 | 10-12 || total
-------------------------+-------+-------+-------+-------++-------
Melee: Dagger            |    69 |    58 |       |       ||   127
       Rapier            |       |   153 |   212 |   346 ||   711
Throw: Dart              |     2 |     1 |     5 |    15 ||    23
Invok: Shadow Step       |       |       |       |     3 ||     3
Evoke: Wand              |       |       |       |     5 ||     5
  Use: Scroll            |       |    10 |     8 |    12 ||    30
       Potion            |       |       |       |     3 ||     3
 Stab: Sleeping          |    20 |    27 |    16 |    38 ||   101
       Distracted        |       |       |       |     1 ||     1
       Invisible         |       |       |       |     1 ||     1
Armor: Robe              |     6 |       |       |       ||     6
       Leather armour    |     2 |    32 |     4 |       ||    38
       Steam dragon scal |       |       |    23 |    37 ||    60
Dodge: Dodged            |    42 |   147 |   127 |   204 ||   520
